 Dungeon Crawl Stone Soup version 0.29.0-11-gd7f09526c8 (webtiles) character file.

Game seed: 9551468163934082413

250 mcbry74 the Chopper (level 6, -1/52 HPs)
             Began as a Hill Orc Fighter on Sept 6, 2022.
             Was a Follower of Makhleb.
             Slain by an ogre
             ... wielding a +0 giant club
              (16 damage)
             ... on level 5 of the Dungeon.
             The game lasted 00:19:19 (4821 turns).

mcbry74 the Chopper (Hill Orc Fighter)              Turns: 4821, Time: 00:19:19

Health: -1/52      AC:  7    Str: 27    XL:     6   Next: 13%
Magic:  8/8        EV: 10    Int:  8    God:    Makhleb [*.....]
Gold:   185        SH:  0    Dex: 10    Spells: 4/5 levels left

rFire   . . .      SeeInvis .   a - +2 hand axe (elec)
rCold   + . .      Faith    .   (no shield)
rNeg    . . .      Spirit   .   t - +0 scale mail {rPois}
rPois   +          Reflect  .   (no helmet)
rElec   .          Harm     .   (no cloak)
rCorr   .          Rampage  .   (no gloves)
Will    .....                   (no boots)
Stlth   ..........              (no amulet)
HPRegen 0.17/turn               C - +6 ring of strength
MPRegen 0.11/turn               l - ring of protection from cold

@: no status effects
A: no striking features
a: Renounce Religion


You were on level 5 of the Dungeon.
You worshipped Makhleb.
Makhleb was aware of your devotion.
You visited 1 branch of the dungeon, and saw 5 of its levels.

You collected 185 gold pieces.

Inventory:

Hand Weapons
 a - a +2 hand axe of electrocution (weapon)
 b - the +7 shortbow of Understanding {speed, Str+4}
   (You found it on level 4 of the Dungeon)

   Attacks with this weapon are significantly faster.
   Str:       It affects your strength (+4).
 s - a +0 war axe
 y - a +0 war axe
Missiles
 f - 5 javelins (quivered)
 i - 4 poisoned darts
 j - 4 curare-tipped darts
Armour
 c - a +0 buckler
 n - a +0 leather armour
 t - a +0 scale mail of poison resistance (worn)
 w - a +1 robe of the Archmagi
 B - a +0 scale mail
 E - a +2 cloak
Jewellery
 h - a ring of willpower
 l - a ring of protection from cold (right hand)
 C - a +6 ring of strength (left hand)
Scrolls
 k - 2 scrolls of vulnerability
 m - a scroll of torment
 o - a scroll of brand weapon {unknown}
 p - a scroll of magic mapping {unknown}
 q - 2 scrolls of summoning
 r - 3 scrolls of teleportation
 v - 2 scrolls of amnesia {unknown}
 A - a scroll of fear {unknown}
Potions
 d - a potion of might
 e - a potion of brilliance {unknown}
 g - a potion of degeneration {unknown}
 u - 2 potions of lignification {unknown}
 x - a potion of attraction {unknown}
 z - a potion of experience {unknown}


   Skills:
 - Level 4.0 Fighting
 + Level 5.4 Axes
 - Level 4.0 Armour
 - Level 0.1 Dodging
 - Level 3.6 Shields
 - Level 0.8 Conjurations
 - Level 1.4 Fire Magic
 + Level 3.5 Invocations


You had 4 spell levels left.
You knew the following spells:

 Your Spells              Type           Power      Damage    Failure   Level
a - Foxfire               Conj/Fire      4%         2x1d4     52%         1

Your spell library contained the following spells:

 Spells                   Type           Power      Damage    Failure   Level
 Conjure Flame            Conj/Fire      1%         6-21      87%         3
 Inner Flame              Hex/Fire       1%         N/A       91%         3
 Dazzling Flash           Conj/Hex       0%         N/A       94%         3
 Flame Wave               Conj/Fire      1%         2d4       99%         4
 Iskenderun's Mystic Bla  Conj/Tloc      0%         2d3       100%        4
 Starburst                Conj/Fire      0%         6d3       100%        6


Dungeon Overview and Level Annotations

Branches:
Dungeon (5/15)
 Temple: D:4-7

Altars:
Elyvilon
Fedhas
Gozag
Kikubaaqudgha
Makhleb
Uskayaw
The Shining One


Message History

You drop a +4 trident.
You drop a +4 quarterstaff of chaos.
You drop a +1 hammer of protection.
You drop a +0 mace.
There is a stone staircase leading down here.
You climb downwards.
There is a stone staircase leading up here.
Done exploring.
There is a stone staircase leading down here.
You climb downwards.
There is a stone staircase leading up here.
Done exploring.
There is an escape hatch in the floor here.
There is a stone staircase leading down here.
You climb downwards.
There is a stone staircase leading up here.
Done exploring.
There is a stone staircase leading down here.
You climb downwards.
There is a stone staircase leading up here.
No target in view!
You see here an orb of mayhem.
No target in view!
Found a stone staircase leading down.
x - a black potion
Found a stone staircase leading down.
An ogre comes into view. It is wielding a +0 giant club.
The ogre shouts!
The ogre hits you with a +0 giant club!
You slash the ogre!
The ogre is moderately wounded.
You hit the ogre.
The ogre is moderately wounded.
The ogre hits you with a +0 giant club!!
Ouch! That really hurt!
* * * LOW HITPOINT WARNING * * *
You slash the ogre! Lightning courses through the ogre!
The ogre is almost dead.
The ogre hits you with a +0 giant club!
You die...

# #.##.# #.#
#######.##.#
#........>.....#
##..########.####
.... #.# #>.# #.#
#..# #.#
###..####.# #.#
#.....@O..# #.#
####.#..########.#
.................#
.....#############
####


You could see an ogre.

Vanquished Creatures
  A hound (D:4)
  A jelly (D:4)
  Crazy Yiuf (D:2)
  2 orc wizards
  2 adders
  2 worms
  A dart slug (D:4)
  9 orcs
  8 endoplasms
  5 giant cockroaches
  3 hobgoblins
  11 kobolds
  4 quokkas
  9 ball pythons
  2 bats
  2 frilled lizards
  10 goblins
  2 rats (D:1)
75 creatures vanquished.

Notes
Turn   | Place    | Note
-------+----------+-------------------------------------------
     0 | D:1      | mcbry74 the Hill Orc Fighter began the quest for the Orb.
     0 | D:1      | Reached XP level 1. HP: 19/19 MP: 1/1
   254 | D:1      | Reached XP level 2. HP: 23/27 MP: 2/2
   430 | D:1      | Reached skill level 3 in Axes
   797 | D:1      | Reached XP level 3. HP: 33/33 MP: 3/3
  1519 | D:2      | Learned a level 1 spell: Foxfire
  1716 | D:2      | Found a runed translucent door.
  1717 | D:2      | Noticed Crazy Yiuf
  2167 | D:3      | Found a white marble altar of Elyvilon.
  2174 | D:3      | Found a burning altar of Makhleb.
  2183 | D:3      | Found an opulent altar of Gozag.
  2298 | D:3      | Found a hide-covered altar of Uskayaw.
  2302 | D:3      | Reached XP level 4. HP: 40/40 MP: 4/4
  2314 | D:3      | Reached skill level 1 in Fire Magic
  2424 | D:3      | Found an ancient bone altar of Kikubaaqudgha.
  2430 | D:3      | Found a glowing golden altar of the Shining One.
  2438 | D:3      | Found a blossoming altar of Fedhas.
  2459 | D:3      | Became a worshipper of Makhleb the Destroyer
  3109 | D:4      | Reached skill level 4 in Axes
  3109 | D:4      | Reached skill level 1 in Invocations
  3109 | D:4      | Reached XP level 5. HP: 41/46 MP: 4/6
  4054 | D:4      | Reached skill level 5 in Axes
  4061 | D:4      | Identified the +7 shortbow of Understanding {speed, Str+4}
  4459 | D:4      | Reached * piety under Makhleb
  4590 | D:2      | Killed Crazy Yiuf
  4591 | D:2      | Reached XP level 6. HP: 52/52 MP: 8/8
  4763 | D:5      | Entered Level 5 of the Dungeon
  4821 | D:5      | Slain by an ogre

Illustrated notes

Levels and vault maps discovered:
D:1:      giann_wishing_wells, layout_loops_cross, dreamdust_princess_bridge
D:2:      layout_loops_cross, minivault_23, uniq_crazy_yiuf_cottage
D:3:      layout_loops_ring, grunt_temple_overflow_octagram,
          nicolae_figureground_sparkle
D:4:      minmay_skewed_foursquare, layout_basic, ebering_dispersal_statue_hall,
          st_stairs_1
D:5:      layout_loops_ring, chequers_serial_rivers_micro_d

Skill      XL: |  1  2  3  4  5 |
---------------+----------------+-----
Axes           | 3 4 5 |  5.4
Armour         | 4 |  4.0
Fighting       | 4 |  4.0
Fire Magic     | 1 |  1.4
Invocations    | 1 3 |  3.5
Dodging        | |  0.1
Shields        | |  3.6
Conjurations   | |  0.8

Action                   |  1- 3 |  4- 6 || total
-------------------------+-------+-------++-------
Melee: War axe           |   109 |    17 ||   126
       Hand axe          |       |    94 ||    94
       Punch             |       |     1 ||     1
  Use: Scroll            |       |     4 ||     4
Armor: Scale mail        |    43 |    30 ||    73
       Leather armour    |     8 |     4 ||    12
Dodge: Dodged            |    48 |    30 ||    78
Block: Buckler           |    14 |     5 ||    19
